 Dungeon Crawl Stone Soup version 0.31-a0-1540-g5a0b83f448 (webtiles) character file.

Game seed: 5596148180964179850

310 Larett the Firebug (level 6, -5/36 HPs)
             Began as an Octopode Fire Elementalist on Jan 1, 2024.
             Was a Follower of Vehumet.
             Slain by Eustachio the swamp drake (11 damage)
             ... on level 4 of the Dungeon.
             The game lasted 00:25:07 (4370 turns).

Larett the Firebug (Octopode Fire Elementalist)     Turns: 4370, Time: 00:25:08

Health: -5/36      AC:  1    Str:  3 (6)  XL:     6   Next: 41%
Magic:  15/20      EV: 13    Int: 21 (24) God:    Vehumet [*.....]
Gold:   178        SH:  0    Dex: 10 (11) Spells: 7/11 levels left

rFire   . . .        a - +2 hand axe (vamp)
rCold   . . .        (no shield)
rNeg    . . .        (helmet restricted)
rPois   .            (no amulet)
rElec   .            x - ring of magical power
rCorr   .            (no ring)
SInv    .            (no ring)
Will    .....        (no ring)
Stlth   +++          (no ring)
HPRegen 0.26/turn    (no ring)
MPRegen 0.17/turn    (no ring)
                     (no ring)

%: no passive effects
@: about to teleport
A: almost no armour, amphibious, 8 rings, camouflage 1, gelatinous body 1,
(nimble swimmer 1), tentacles, clever 1
a: Renounce Religion


You were on level 4 of the Dungeon.
You worshipped Vehumet.
Vehumet was aware of your devotion.
You visited 1 branch of the dungeon, and saw 4 of its levels.

You collected 178 gold pieces.

Inventory:

Hand Weapons
 a - a +2 vampiric hand axe (weapon)
 t - a +1 dagger of flaming
Missiles
 v - 11 stones (quivered)
Jewellery
 x - a ring of magical power (left tentacle)
Talismans
 r - a blade talisman
Wands
 q - a wand of polymorph (17)
Scrolls
 d - a scroll of enchant armour {unknown}
 e - a scroll of poison {unknown}
 h - a scroll of revelation {unknown}
 i - a scroll of fog {unknown}
 l - a scroll of immolation {unknown}
 n - a scroll of brand weapon {unknown}
 o - 2 scrolls of vulnerability {!r}
 T - 3 scrolls of teleportation
Potions
 c - a potion of magic
 f - a potion of curing {unknown}
 g - 2 potions of attraction {!q}
 j - a potion of degeneration {!q!q}
 s - a potion of resistance {unknown}
 u - a potion of enlightenment {unknown}
 w - a potion of might {unknown}


   Skills:
 - Level 3.0 Dodging
 - Level 3.7 Stealth
 + Level 3.4 Spellcasting
 - Level 1.9 Conjurations
 - Level 0.4 Summonings
 + Level 2.3 Translocations
 + Level 4.2 Fire Magic


You had 7 spell levels left.
You knew the following spells:

 Your Spells              Type           Power      Damage    Failure   Level
a - Foxfire               Conj/Fire      64%        2x1d7     3%          1
b - Volatile Blastmotes   Fire/Tloc      34%        2d12      10%         3

Your spell library contained the following spells:

 Spells                   Type           Power      Damage    Failure   Level
 Shock                    Conj/Air       28%        1d4       9%          1
 Scorch                   Fire           42%        2d6       3%          2
 Blink                    Tloc           26%        N/A       8%          2
 Lesser Beckoning         Tloc           26%        N/A       8%          2
 Kiss of Death            Conj/Necr      28%        2d7       9%          1
 Momentum Strike          Conj/Tloc      24%        3d8       9%          2
 Call Imp                 Summ           10%        N/A       16%         2
 Inner Flame              Hex/Fire       12%        N/A       16%         3
 Sublimation of Blood     Necr           3%         N/A       19%         2
 Flame Wave               Conj/Fire      16%        2d7       34%         4
 Confusing Touch          Hex            3%         N/A       36%         3
 Dispel Undead            Necr           3%         3d7       77%         4
 Summon Hydra             Summ           2%         N/A       100%        7


Dungeon Overview and Level Annotations

Branches:
Dungeon (4/15)
 Temple: D:4-7

Altars:
Makhleb
Ru
Vehumet
The Shining One

Annotations:
D:4 Eustachio, Grinder


Innate Abilities, Weirdness & Mutations

You cannot wear most types of armour.
You are amphibious.
You can wear up to eight rings at the same time.
Your skin changes colour to match your surroundings (Stealth+).
Your rubbery body absorbs attacks. (AC +1, EV +1)
((You are camouflaged when in or above water. (Stealth+)))
You have tentacles for arms and can constrict up to eight enemies at once.
Your mind is acute. (Int +4, Str/Dex -1)


Message History

Cast which spell? (? or * to list)
A cloud of volatile blastmotes flares up around you!
Run!
Eustachio bites you!
The cloud of blastmotes explodes!
The concussive blast engulfs Eustachio!
Eustachio is heavily wounded.
The concussive blast engulfs you!
* * * LOW HITPOINT WARNING * * *
You are knocked back by the blast.
You see here a +0 spear.
Unknown command.
Casting: Volatile Blastmotes (quite dangerous; 11% risk of failure)
Confirm with . or Enter, or press ? or * to list all spells.
A cloud of volatile blastmotes flares up around you!
Run!
Eustachio breathes poison at you. The noxious blast misses you.
Unknown command.
You are engulfed in noxious fumes.
You choke on the stench!
You are confused.
You feel less confused. Eustachio breathes poison at you.
The noxious blast engulfs you but does no damage.
You are poisoned.
Unknown command.
It was a potion of degeneration.
There was something very wrong with that liquid.
You feel weakened.
You feel dopey.
You feel clumsy.
You are engulfed in noxious fumes.
You choke on the stench!
You are confused.
You feel sick.
It was a potion of mutation.
You feel extremely strange.
You feel clever.
You are engulfed in noxious fumes.
You feel less confused.
You feel sick. Eustachio bites you.
* * * LOW HITPOINT WARNING * * *
As you read the scroll of teleportation, it crumbles to dust.
You feel strangely unstable.
You feel sick.
You are no longer poisoned.
Eustachio bites you!
You die...

#.#....####.##.#####
#.#.........##.....#
#.#..#####..######.#
#.#..# #..#### #.#
#.#..#####.....###.##
#†#..[.<##.###......#
#.#.###))..# #####..##
######.#...')...# #...#
#......#####..k@# #.#.#
##.##### #....# #.#.##
#.# #....#######.#..#
#.# #............##.##
#.# #........)...##..#
#.#
#######............###.#
#.# #...........######.#
#.# #.# #...........#
#.# #...#
#.###...........# #.#
###...


You could see Eustachio the swamp drake.

Vanquished Creatures
  A howler monkey (D:3)
  2 bombardier beetles (D:4)
  Crazy Yiuf (D:3)
  A sleepcap (D:4)
  3 gnolls
  7 adders
  2 dart slugs
  A ribbon worm (D:2)
  6 orcs
  3 endoplasms
  4 giant cockroaches (D:1)
  4 goblins
  2 hobgoblins (D:2)
  2 quokkas
  4 ball pythons
  7 bats
  2 frilled lizards
  8 kobolds
  2 rats (D:1)
62 creatures vanquished.

Vanquished Creatures (others)
  128 foxfires
128 creatures vanquished.

Grand Total: 190 creatures vanquished

Notes
Turn   | Place    | Note
-------+----------+-------------------------------------------
     0 | D:1      | Larett the Octopode Fire Elementalist began the quest for
                  | the Orb.
     0 | D:1      | Reached XP level 1. HP: 11/11 MP: 3/3
   220 | D:1      | Found a faded altar of an unknown god.
   234 | D:1      | Reached XP level 2. HP: 17/17 MP: 0/5
   299 | D:1      | Reached skill level 3 in Stealth
  1124 | D:2      | Reached XP level 3. HP: 14/21 MP: 3/6
  1536 | D:2      | Reached XP level 4. HP: 27/27 MP: 4/7
  2049 | D:2      | Found a radiant altar of Vehumet.
  2063 | D:2      | Became a worshipper of Vehumet
  2457 | D:3      | Found a burning altar of Makhleb.
  2808 | D:3      | Learned a level 3 spell: Volatile Blastmotes
  2808 | D:3      | Found a runed translucent door.
  2809 | D:3      | Noticed Crazy Yiuf
  2824 | D:3      | HP: 3/27 [Crazy Yiuf/+3 quarterstaff of chaos (9)]
  2825 | D:3      | Killed Crazy Yiuf
  2826 | D:3      | Reached skill level 1 in Translocations
  2826 | D:3      | Reached XP level 5. HP: 7/31 MP: 2/9
  3086 | D:4      | Noticed Eustachio
  3098 | D:3      | Reached skill level 3 in Dodging
  3197 | D:4      | Noticed Grinder
  3424 | D:3      | HP: 3/31 [gnoll/+0 flail (11)]
  3533 | D:3      | Upgraded the game from 0.31-a0-1529-g7bd419a0e5 to
                  | 0.31-a0-1540-g5a0b83f448
  3544 | D:3      | Reached skill level 3 in Spellcasting
  3569 | D:3      | HP: 3/31 [shot self (20)]
  3851 | D:4      | Found a sacrificial altar of Ru.
  3851 | D:4      | Found a glowing golden altar of the Shining One.
  3861 | D:4      | Reached skill level 4 in Fire Magic
  3861 | D:4      | Reached XP level 6. HP: 36/36 MP: 10/10
  4142 | D:4      | Reached * piety under Vehumet
  4142 | D:4      | Offered knowledge of Shock by Vehumet.
  4350 | D:4      | Eustachio changed into Eustachio the swamp drake
  4350 | D:4      | Noticed Eustachio
  4369 | D:4      | Gained mutation: Your mind is acute. (Int +4, Str/Dex -1)
                  | [potion of mutation]
  4370 | D:4      | Slain by Eustachio the swamp drake

Illustrated notes

Levels and vault maps discovered:
D:1:      matt_arrival_spirals, layout_basic,
          dreamdust_ecumenical_altar_statues, kennysheep_small_spiral,
          kennysheep_flooded_box, solitary_fountain
D:2:      layout_basic, basic_altar
D:3:      layout_loops_ring, bloody_makhleb, uniq_crazy_yiuf_cottage
D:4:      layout_basic, lemuel_doored_altar, jmf_multi_god_temple,
          grunt_ministairs_2, uniq_grinder, uniq_eustachio, uniq_menkaure

Skill      XL: |  1  2  3  4  5  6 |
---------------+-------------------+-----
Stealth        | 3 |  3.7
Translocations | 1 2 |  2.3
Dodging        | 3 |  3.0
Spellcasting   | 3 |  3.4
Fire Magic     | 4 |  4.2
Conjurations   | |  1.9
Summonings     | |  0.4

Action                     |  1- 3 |  4- 6 || total
---------------------------+-------+-------++-------
  Melee: Unarmed           |     5 |       ||     5
         Constrict         |     7 |    16 ||    23
         Tentacles         |     6 |    14 ||    20
         Short sword       |    12 |    21 ||    33
         Club              |     4 |       ||     4
         Whip              |       |     4 ||     4
         Hand axe          |       |    33 ||    33
         Dagger            |       |     2 ||     2
         Punch             |       |     1 ||     1
  Throw: Stone             |       |     4 ||     4
   Cast: Foxfire           |    37 |    40 ||    77
         Volatile Blastmot |       |    14 ||    14
  Evoke: Wand              |       |     3 ||     3
    Use: Scroll            |       |     5 ||     5
         Potion            |       |     4 ||     4
   Stab: Sleeping          |       |     2 ||     2
 Armour: Skin              |    12 |    69 ||    81
  Dodge: Dodged            |    19 |    64 ||    83

Table legend: (Time is in decaauts)
 A = Elapsed time spent in this place.
 B = Non-inter-level travel time spent in this place.
 C = Inter-level travel time spent in this place.
 D = Time resting spent in this place.
 E = Time spent auto-exploring this place.
 F = Levels seen in this place.
 G = Mean time per level.
                   A        B        C        D        E       F      G
               +--------+--------+--------+--------+--------+-----+--------+
         Total |   4384 |   4231 |    153 |    905 |   2484 |   4 | 1096.0 |
       Dungeon |   4384 |   4231 |    153 |    905 |   2484 |   4 | 1096.0 |
               +--------+--------+--------+--------+--------+-----+--------+

Top non-repeatable levels by time:
     D:3: 1510 daAuts
     D:2: 1145 daAuts
     D:1: 1081 daAuts
     D:4: 647 daAuts
